SBL
SANDRINGHAM ZEBRAS @ FOOTSCRAY BULLDOGS
04/25/2022
 
TOP OF THE 1ST
Sandringham Zebras batting - Pitching for Footscray Bulldogs : LHP Ian Tompsett
Pitching: LHP Ian Tompsett
Batting: RHB Greg Spiers 0-0: Swinging Strike
0-1: Ball
1-1: Ground out 5-3 (Groundball, 56S, EV 72.5 MPH)
Batting: LHB Reegan Hinton 0-0: Called Strike
0-1: Ball
1-1: Ground out 4-3 (Groundball, 4, EV 105.0 MPH)
Batting: LHB Chris Beavis 0-0: Called Strike
0-1: Foul Ball, location: 7LMF
0-2: Ball
1-2: Ball
2-2: Strikes out swinging
Top of the 1st over - 0 runs, 0 hits, 0 errors, 0 left on base; Sandringham 0 - Footscray 0
BOTTOM OF THE 1ST
Footscray Bulldogs batting - Pitching for Sandringham Zebras : RHP Bob Stewart
Pitching: RHP Bob Stewart
Batting: RHB Jeff Wintle 0-0: Called Strike
0-1: Ball
1-1: DOUBLE (Groundball, 5L, EV 104.4 MPH)
Batting: RHB Brad Angwin 0-0: Called Strike
0-1: Ball
1-1: Ball
2-1: Swinging Strike
2-2: Ball
3-2: Foul Ball, location: 3F
3-2: Base on Balls
Batting: RHB Marc Dumbrill 0-0: Ball
1-0: Fielders Choice at 2nd, 3-6 (Groundball, 34S, EV 81.9 MPH)
Jeff Wintle to third
Batting: RHB Colin Matthews 0-0: Called Strike
0-1: Ball
1-1: Ball
2-1: Foul Ball, location: 2F
2-2: Strikes out swinging
Batting: RHB Luke Gayford 0-0: Fly out, F6 (Popup, 6M, EV 49.4 MPH)
Bottom of the 1st over - 0 runs, 1 hit, 0 errors, 2 left on base; Sandringham 0 - Footscray 0
TOP OF THE 2ND
Sandringham Zebras batting - Pitching for Footscray Bulldogs : LHP Ian Tompsett
Batting: RHB Paul Stavely 0-0: Called Strike
0-1: Ball
1-1: Foul Ball, location: 5DF
1-2: Strikes out swinging
Batting: LHB Roberto Hurtado 0-0: Called Strike
0-1: Ball
1-1: Ball
2-1: SINGLE (Groundball, 34D, EV 94.4 MPH)
Batting: RHB Will Stock 0-0: Called Strike
0-1: Called Strike
0-2: Ball
Wild Pitch!
Roberto Hurtado to second
1-2: Ground out 6-3 (Groundball, 6, EV 78.1 MPH)
Batting: LHB Jason Sullivan 0-0: Ball
1-0: Called Strike
1-1: Ball
2-1: Called Strike
2-2: Foul Ball, location: 7LDF
2-2: Foul Ball, location: 7LSF
2-2: Ball
3-2: Fly out, F7 (Flyball, 7D, EV 107.5 MPH)
Top of the 2nd over - 0 runs, 1 hit, 0 errors, 1 left on base; Sandringham 0 - Footscray 0
BOTTOM OF THE 2ND
Footscray Bulldogs batting - Pitching for Sandringham Zebras : RHP Bob Stewart
Batting: RHB Frank Hore 0-0: Ball
1-0: Ball
2-0: Ball
3-0: Called Strike
3-1: Ground out 6-3 (Groundball, 56, EV 102.5 MPH)
Batting: RHB Marvin Fairchild 0-0: Ball
1-0: Called Strike
1-1: DOUBLE (Line Drive, 78D, EV 107.5 MPH)
Batting: SHB Matt Brentnall 0-0: Ball
1-0: Ball
2-0: Ball
3-0: Base on Balls
Batting: RHB Ray Donaldson 0-0: Ball
1-0: Called Strike
1-1: Ground out 5-3 (Groundball, 5D, EV 104.4 MPH)
Marvin Fairchild to third
Matt Brentnall to second
Batting: RHB Jeff Wintle 0-0: Ball
1-0: Ball
2-0: Fly out, F8 (Flyball, 8RD, EV 96.3 MPH)
Bottom of the 2nd over - 0 runs, 1 hit, 0 errors, 2 left on base; Sandringham 0 - Footscray 0
TOP OF THE 3RD
Sandringham Zebras batting - Pitching for Footscray Bulldogs : LHP Ian Tompsett
Batting: RHB Chris Leather 0-0: Foul Ball, location: 23FF
0-1: Swinging Strike
0-2: Ground out 6-3 (Groundball, 6, EV 108.1 MPH)
Batting: RHB Jim Gibbs 0-0: Called Strike
0-1: DOUBLE (Line Drive, 89D, EV 103.1 MPH)
Batting: RHB Greg Spiers 0-0: Fly out, F5 (Popup, 56S, EV 68.1 MPH)
Batting: LHB Reegan Hinton 0-0: Ball
1-0: Ball
2-0: Called Strike
2-1: Ground out 4-3 (Groundball, 4, EV 108.8 MPH)
Top of the 3rd over - 0 runs, 1 hit, 0 errors, 1 left on base; Sandringham 0 - Footscray 0
BOTTOM OF THE 3RD
Footscray Bulldogs batting - Pitching for Sandringham Zebras : RHP Bob Stewart
Batting: RHB Brad Angwin 0-0: SINGLE (Line Drive, 89S, EV 103.1 MPH)
Batting: RHB Marc Dumbrill 0-0: Called Strike
0-1: Fly out, F8 (Flyball, 8RS, EV 88.1 MPH)
Batting: RHB Colin Matthews 0-0: Swinging Strike
0-1: Ball
1-1: Called Strike
1-2: Ball
2-2: SINGLE (Line Drive, 5L, EV 98.8 MPH)
Brad Angwin to second
Batting: RHB Luke Gayford 0-0: Foul Ball, location: 9LDF
0-1: Swinging Strike
0-2: Foul Ball, location: 9LDF
0-2: Ball
1-2: Strikes out swinging
Batting: RHB Frank Hore 0-0: Ball
1-0: Foul Ball, location: 2F
1-1: Ball
2-1: Fly out, F6 (Line Drive, 56D, EV 75.0 MPH)
Bottom of the 3rd over - 0 runs, 2 hits, 0 errors, 2 left on base; Sandringham 0 - Footscray 0
TOP OF THE 4TH
Sandringham Zebras batting - Pitching for Footscray Bulldogs : LHP Ian Tompsett
Batting: LHB Chris Beavis 0-0: Fly out, F7 (Line Drive, 7S, EV 89.4 MPH)
Batting: RHB Paul Stavely 0-0: Called Strike
0-1: Ball
1-1: Ball
2-1: Swinging Strike
2-2: Ball
3-2: Foul Ball, location: 9LSF
3-2: Base on Balls
Batting: LHB Roberto Hurtado 0-0: Called Strike
0-1: Fly out, F5 (Popup, 5, EV 75.0 MPH)
Batting: RHB Will Stock 0-0: Ball
1-0: Ball
2-0: Called Strike
2-1: Hit by Pitch
Paul Stavely to second
Batting: LHB Jason Sullivan 0-0: Ball
1-0: Ball
2-0: Called Strike
2-1: Swinging Strike
2-2: Ball
3-2: Strikes out swinging
Top of the 4th over - 0 runs, 0 hits, 0 errors, 2 left on base; Sandringham 0 - Footscray 0
BOTTOM OF THE 4TH
Footscray Bulldogs batting - Pitching for Sandringham Zebras : RHP Bob Stewart
Batting: RHB Marvin Fairchild 0-0: Fly out, F3 (Popup, 3F, EV 56.9 MPH)
Batting: SHB Matt Brentnall 0-0: Ball
1-0: Ball
2-0: Ball
3-0: Called Strike
3-1: DOUBLE (Line Drive, 9LM, EV 95.6 MPH)
Batting: RHB Ray Donaldson 0-0: Ball
1-0: Ball
2-0: Ball
3-0: Called Strike
3-1: Foul Ball, location: 7LDF
3-2: Ground out 6-3 (Groundball, 6, EV 78.1 MPH)
Batting: RHB Jeff Wintle 0-0: SINGLE (Groundball, 6MD, EV 103.8 MPH)
Matt Brentnall to third
Runner from 3rd tries for Home, SAFE, throw by CF to home
Batting: RHB Brad Angwin 0-0: Ball
1-0: Ball
2-0: Ground out 5-3 (Groundball, 56S, EV 78.1 MPH)
Bottom of the 4th over - 1 run, 2 hits, 0 errors, 1 left on base; Sandringham 0 - Footscray 1
TOP OF THE 5TH
Sandringham Zebras batting - Pitching for Footscray Bulldogs : LHP Ian Tompsett
Batting: RHB Chris Leather 0-0: Called Strike
0-1: Called Strike
0-2: Fly out, F9 (Flyball, 9LSF, EV 88.1 MPH)
Batting: RHB Jim Gibbs 0-0: Called Strike
0-1: Called Strike
0-2: Ball
1-2: Ground out 4-3 (Groundball, 34D, EV 96.3 MPH)
Batting: RHB Greg Spiers 0-0: Ball
1-0: Swinging Strike
1-1: Foul Ball, location: 5FF
1-2: Ball
2-2: Ground out 5-3 (Groundball, 5, EV 92.5 MPH)
Top of the 5th over - 0 runs, 0 hits, 0 errors, 0 left on base; Sandringham 0 - Footscray 1
BOTTOM OF THE 5TH
Footscray Bulldogs batting - Pitching for Sandringham Zebras : RHP Bob Stewart
Batting: RHB Marc Dumbrill 0-0: Ball
1-0: Foul Ball, location: 9LMF
1-1: Ball
2-1: Ball
3-1: SINGLE (Groundball, 4MD, EV 99.4 MPH)
Batting: RHB Colin Matthews 0-0: Swinging Strike
0-1: Called Strike
0-2: Ball
1-2: Ball
2-2: Strikes out looking
Batting: RHB Luke Gayford 0-0: Swinging Strike
0-1: Swinging Strike
0-2: Foul Ball, location: 2F
0-2: Foul Ball, location: 2F
0-2: Ball
1-2: Foul Ball, location: 9LMF
1-2: Ball
2-2: Strikes out swinging
Batting: RHB Frank Hore 0-0: Ball
1-0: Ball
2-0: SINGLE (Groundball, 6MD, EV 97.5 MPH)
Marc Dumbrill to second
Batting: RHB Marvin Fairchild 0-0: Swinging Strike
0-1: Swinging Strike
0-2: Ball
1-2: Foul Ball, location: 2LF
1-2: Foul Ball, location: 25F
1-2: Ball
2-2: Foul Ball, location: 23FF
2-2: Foul Ball, location: 5FF
2-2: Strikes out swinging
Bottom of the 5th over - 0 runs, 2 hits, 0 errors, 2 left on base; Sandringham 0 - Footscray 1
TOP OF THE 6TH
Sandringham Zebras batting - Pitching for Footscray Bulldogs : LHP Ian Tompsett
Batting: LHB Reegan Hinton 0-0: Called Strike
0-1: SOLO HOME RUN (Flyball, 7LD, EV 95.6 MPH), Distance : 351 ft
Batting: LHB Chris Beavis 0-0: Called Strike
0-1: Foul Ball, location: 2F
0-2: Ball
1-2: Foul Ball, location: 23F
1-2: Ball
2-2: Foul Ball, location: 25FF
2-2: Strikes out swinging
Batting: RHB Paul Stavely 0-0: Foul Ball, location: 2F
0-1: Called Strike
0-2: Ball
1-2: Reached on error, E5 (Groundball, 56, EV 91.3 MPH)
Batting: LHB Roberto Hurtado 0-0: Fly out, F8 (Line Drive, 8LM, EV 91.9 MPH)
Batting: RHB Will Stock 0-0: Called Strike
0-1: Ground out 4-3 (Groundball, 34, EV 91.9 MPH)
Top of the 6th over - 1 run, 1 hit, 1 error, 1 left on base; Sandringham 1 - Footscray 1
BOTTOM OF THE 6TH
Footscray Bulldogs batting - Pitching for Sandringham Zebras : RHP Bob Stewart
Batting: SHB Matt Brentnall 0-0: Fly out, F8 (Line Drive, 8LD, EV 90.6 MPH)
Batting: RHB Ray Donaldson 0-0: Ball
1-0: Swinging Strike
1-1: Foul Ball, location: 25F
1-2: Foul Ball, location: 5F
1-2: Fly out, F7 (Flyball, 78XD, EV 103.8 MPH)
Batting: RHB Jeff Wintle 0-0: Foul Ball, location: 2F
0-1: SINGLE (Groundball, 4M, EV 105.0 MPH) (infield hit)
Batting: RHB Brad Angwin 0-0: Swinging Strike
0-1: Ball
1-1: Ball
2-1: Ball
3-1: Base on Balls
Jeff Wintle to second
Batting: RHB Marc Dumbrill 0-0: Swinging Strike
0-1: Fielders Choice at 2nd, 6-4 (Groundball, 56, EV 103.1 MPH)
Bottom of the 6th over - 0 runs, 1 hit, 0 errors, 2 left on base; Sandringham 1 - Footscray 1
TOP OF THE 7TH
Sandringham Zebras batting - Pitching for Footscray Bulldogs : LHP Ian Tompsett
Batting: LHB Jason Sullivan 0-0: Foul Ball, location: 2F
0-1: Foul Ball, location: 3F
0-2: Ball
1-2: SOLO HOME RUN (Flyball, 7LD, EV 96.3 MPH), Distance : 369 ft
Pitching: RHP Destin Stuckey
Batting: RHB Chris Leather 0-0: Foul Ball, location: 2F
0-1: Foul Ball, location: 7LMF
0-2: Fly out, F9 (Flyball, 9D, EV 104.4 MPH)
Batting: RHB Jim Gibbs 0-0: Ball
1-0: Ball
2-0: Ground out 6-3 (Groundball, 6, EV 87.5 MPH)
Batting: RHB Greg Spiers 0-0: Called Strike
0-1: Ball
1-1: Ball
2-1: Called Strike
2-2: Ground out 6-3 (Groundball, 6, EV 89.4 MPH)
Top of the 7th over - 1 run, 1 hit, 0 errors, 0 left on base; Sandringham 2 - Footscray 1
BOTTOM OF THE 7TH
Footscray Bulldogs batting - Pitching for Sandringham Zebras : RHP Bob Stewart
Pitching: RHP Claud Broughton
Batting: RHB Colin Matthews 0-0: Ball
1-0: Ball
2-0: Called Strike
2-1: Fly out, F3 (Popup, 3L, EV 73.1 MPH)
Pinch Hitting: RHB Reg Dainty 0-0: Ball
1-0: Swinging Strike
1-1: Ball
2-1: SINGLE (Line Drive, 8RS, EV 93.1 MPH)
Batting: RHB Frank Hore 0-0: Ball
1-0: Foul Ball, location: 2F
1-1: SINGLE (Line Drive, 78S, EV 92.5 MPH)
Reg Dainty to second
Pinch Runner at 2nd Daryl Spearman:
Batting: RHB Marvin Fairchild 0-0: SINGLE (Line Drive, 7S, EV 105.6 MPH)
Daryl Spearman to third
Frank Hore to second
Batting: SHB Matt Brentnall 0-0: Ball
1-0: Ball
2-0: Grounds into double play, 1-2-3 (Groundball, 13, EV 73.1 MPH)
Bottom of the 7th over - 0 runs, 3 hits, 0 errors, 2 left on base; Sandringham 2 - Footscray 1
TOP OF THE 8TH
Sandringham Zebras batting - Pitching for Footscray Bulldogs : RHP Destin Stuckey
Now at 3B: Daryl Spearman
Batting: LHB Reegan Hinton 0-0: Ball
1-0: Foul Ball, location: 23F
1-1: Ball
2-1: Ball
3-1: Foul Ball, location: 25FF
3-2: Base on Balls
Batting: LHB Chris Beavis 0-0: Called Strike
0-1: Foul Ball, location: 7LSFF
0-2: Strikes out swinging
Batting: RHB Paul Stavely 0-0: Called Strike
0-1: Ball
1-1: Swinging Strike
1-2: DOUBLE (Line Drive, 3D, EV 100.6 MPH)
Reegan Hinton to third
Runner from 3rd tries for Home, SAFE, throw by RF to trailing runner, SAFE at third!
Batting: LHB Roberto Hurtado 0-0: Called Strike
0-1: Foul Ball, location: 7LDF
0-2: Ball
1-2: TRIPLE (Line Drive, 9D, EV 97.5 MPH)
Paul Stavely scores
Batting: RHB Will Stock 0-0: Ball
1-0: Ball
2-0: Ball
3-0: Foul Ball, location: 2F
3-1: Swinging Strike
3-2: Strikes out swinging
Batting: LHB Jason Sullivan 0-0: Called Strike
0-1: Swinging Strike
0-2: Ball
1-2: Foul Ball, location: 25F
1-2: Ball
2-2: Fly out, F8 (Flyball, 8LM, EV 92.5 MPH)
Top of the 8th over - 2 runs, 2 hits, 0 errors, 1 left on base; Sandringham 4 - Footscray 1
BOTTOM OF THE 8TH
Footscray Bulldogs batting - Pitching for Sandringham Zebras : RHP Claud Broughton
Pinch Hitting: LHB Ethan Rymer 0-0: Ground out 4-3 (Groundball, 4, EV 89.4 MPH)
Batting: RHB Jeff Wintle 0-0: Ball
1-0: Foul Ball, location: 2F
1-1: Foul Ball, location: 9LSF
1-2: Ground out 6-3 (Groundball, 6, EV 86.3 MPH)
Batting: RHB Brad Angwin 0-0: Foul Ball, location: 2F
0-1: Swinging Strike
0-2: Foul Ball, location: 23F
0-2: Strikes out swinging
Bottom of the 8th over - 0 runs, 0 hits, 0 errors, 0 left on base; Sandringham 4 - Footscray 1
TOP OF THE 9TH
Sandringham Zebras batting - Pitching for Footscray Bulldogs : RHP Destin Stuckey
Pitching: RHP Chris Angrove
Now at 3B: Ethan Rymer
Now at SS: Daryl Spearman
Batting: RHB Chris Leather 0-0: Called Strike
0-1: Called Strike
0-2: Ball
1-2: Foul Ball, location: 23FF
1-2: Foul Ball, location: 2F
1-2: Foul Ball, location: 3FF
1-2: Hit by Pitch
Batting: RHB Jim Gibbs 0-0: Ball
1-0: Ball
2-0: Foul Ball, location: 3SF
2-1: Foul Ball, location: 2F
2-2: Strikes out looking
Batting: RHB Greg Spiers 0-0: Called Strike
0-1: Swinging Strike
0-2: Ball
1-2: Fly out, F6 (Popup, 4MD, EV 74.4 MPH)
Batting: LHB Reegan Hinton 0-0: Ball
1-0: Fly out, F7 (Flyball, 78D, EV 102.5 MPH)
Top of the 9th over - 0 runs, 0 hits, 0 errors, 1 left on base; Sandringham 4 - Footscray 1
BOTTOM OF THE 9TH
Footscray Bulldogs batting - Pitching for Sandringham Zebras : RHP Claud Broughton
Pitching: RHP Jeff Price
Now at 1B: Wesley Clemmet
Batting: RHB Marc Dumbrill 0-0: Called Strike
0-1: Fly out, F4 (Popup, 23, EV 91.9 MPH)
Batting: RHB Colin Matthews 0-0: Ball
1-0: DOUBLE (Line Drive, 5D, EV 98.1 MPH)
Batting: RHB Daryl Spearman 0-0: Swinging Strike
0-1: Ball
1-1: Called Strike
1-2: Foul Ball, location: 25FF
1-2: Foul Ball, location: 9LSF
1-2: Ball
2-2: Strikes out swinging
Batting: RHB Frank Hore 0-0: Ball
1-0: Ball
2-0: Called Strike
2-1: Fly out, F6 (Line Drive, 6M, EV 93.8 MPH)
Bottom of the 9th over - 0 runs, 1 hit, 0 errors, 1 left on base; Sandringham 4 - Footscray 1
Friday, April 26th , 2024 - OOTP Baseball 24.9 Build 80